Map: Taito Citadel LE

Players

Adp - Winner!

  • Race: Zerg Zerg
  • Spawn Location: 5:00

A.I. 1 (Very Hard)

  • Race: Protoss Protoss
  • Spawn Location: 11:00

VOD

Have the link to the VOD?

Description

Time

  • Played on: March 5, 2026, 3:23 p.m.
  • Length: 15:40
Show
View Real Time Build Order
Export as new Build Order

Adp Zerg - Winner!

Build Orders: Hatch First, Lurkers 

Get SALT Encoding   

  12  0:00  Drone  
  13  0:15  Overlord  
  13  0:20  Drone  
  14  0:33  Drone x2  
  16  0:41  Drone  
  17  0:54  Drone  
  17  0:55  Hatchery  
  17  1:01  Extractor  
  16  1:09  Spawning Pool  
  15  1:13  Drone  
  16  1:19  Drone  
  17  1:25  Drone  
  17  1:31  Drone  
  19  1:41  Overlord  
  19  1:53  Drone  
  20  1:56  Queen  
  22  2:07  Queen  
  22  2:08  Drone  
  25  2:16  Drone x2  
  27  2:25  Drone x2  
  27  2:28  Metabolic Boost  
  29  2:43  Drone x3  
  32  2:47  Overlord  
  32  2:59  Hatchery  
  31  3:05  Queen  
  31  3:07  Drone  
  34  3:16  Zergling x2  
  34  3:19  Drone x2  
  38  3:20  Drone x2  
  39  3:32  Drone x3  
  42  3:41  Queen  
  42  3:43  Evolution Chamber  
  42  3:44  Drone  
  42  3:45  Evolution Chamber  
  43  3:51  Overlord x3  
  43  3:58  Drone  
  43  4:00  Overlord  
  44  4:11  Extractor  
  44  4:14  Zerg Melee Weapons Level 1  
  44  4:15  Zerg Ground Armor Level 1  
  44  4:16  Zergling x8  
  47  4:25  Queen  
  49  4:36  Drone x2  
  49  4:37  Drone x3  
  49  4:38  Zergling x8  
  58  4:47  Extractor  
  58  4:48  Drone x2  
  58  4:49  Drone  
  60  4:54  Drone  
  60  4:55  Drone  
  62  5:08  Lair  
  62  5:16  Hatchery  
  62  5:18  Zergling x2  
  62  5:19  Zergling x20  
  72  5:21  Overlord  
  72  5:25  Overlord  
  72  5:46  Zergling x2  
  72  5:47  Zergling x16  
  81  5:51  Burrow  
  81  6:13  Zerg Melee Weapons Level 2  
  81  6:14  Zerg Ground Armor Level 2  
  81  6:17  Zergling x2  
  81  6:18  Zergling x16  
  90  6:25  Hydralisk Den  
  89  6:32  Drone x5  
  94  6:33  Drone  
  95  6:59  Hydralisk  
  95  7:00  Hydralisk x3  
  103  7:02  Overlord x4  
  103  7:10  Lurker Den  
  103  7:11  Drone x2  
  103  7:12  Extractor  
  103  7:13  Drone  
  103  7:44  Hydralisk x10  
  103  7:45  Hydralisk x2  
  127  7:51  Grooved Spines  
  127  7:55  Drone  
  127  7:56  Overlord x4  
  128  8:25  Hydralisk  
  128  8:26  Hydralisk x6  
  142  8:33  Drone x4, Extractor  
  145  8:34  Extractor  
  145  8:35  Overlord x3  
  144  8:44  Lurker x2  
  146  8:50  Hatchery  
  145  9:05  Lurker x2  
  147  9:43  Lurker x4  
  151  9:54  Infestation Pit  
  151  9:57  Muscular Augments  
  150  10:37  Lurker x4  
  154  10:45  Drone x3  
  154  10:46  Drone  
  154  10:47  Drone x2  
  160  10:54  Hive  
  159  11:44  Hydralisk  
  159  11:45  Hydralisk x14  
  189  11:52  Overlord x2  
  189  11:53  Overlord  
  189  11:55  Overlord x3  
  189  12:50  Zerg Melee Weapons Level 3  
  189  12:52  Zerg Missile Weapons Level 1  
  189  12:53  Adrenal Glands  
  189  12:56  Seismic Spines  
  189  13:09  Overseer  
  189  13:10  Overseer  
  189  13:53  Adaptive Talons  
  116  14:31  Zergling x10  
  117  14:32  Zergling x32  
Show
View Real Time Build Order
Export as new Build Order

A.I. 1 (Very Hard) Protoss 

Build Orders: Colossus Rush 

Get SALT Encoding   

  12  0:00  Probe  
  13  0:13  Probe  
  14  0:19  Pylon  
  14  0:25  Probe  
  15  0:33  Probe  
  15  0:41  Probe  
  16  0:47  Assimilator  
  17  0:51  Gateway, Probe  
  18  1:00  Probe  
  18  1:01  Pylon  
  19  1:08  Probe  
  19  1:18  Probe  
  21  1:30  Probe  
  22  1:38  Zealot  
  24  1:42  Probe  
  25  1:47  Nexus  
  25  1:58  Probe  
  25  1:59  Cybernetics Core  
  26  2:06  Probe  
  26  2:15  Probe  
  28  2:26  Warp Gate, Pylon, Probe  
  29  2:33  Stalker  
  31  2:39  Gateway  
  31  2:40  Assimilator  
  31  2:44  Probe  
  32  2:55  Probe  
  32  2:57  Probe  
  33  2:58  Pylon  
  33  3:03  Adept  
  33  3:04  Probe  
  36  3:12  Probe  
  38  3:21  Robotics Facility  
  38  3:25  Probe  
  38  3:26  Adept  
  41  3:28  Probe  
  41  3:33  Adept  
  44  3:37  Probe  
  44  3:40  Probe  
  46  3:49  Probe  
  46  3:52  Probe  
  48  3:56  Adept  
  48  3:57  Probe  
  51  4:03  Adept  
  51  4:04  Probe  
  51  4:05  Probe  
  51  4:07  Observer  
  55  4:13  Pylon  
  55  4:16  Probe  
  57  4:17  Robotics Bay, Probe  
  57  4:21  Robotics Facility  
  58  4:28  Pylon  
  58  4:33  Adept  
  58  4:36  Pylon  
  58  4:37  Probe  
  61  4:38  Probe  
  61  4:41  Stalker  
  64  4:53  Stalker  
  64  4:54  Gateway  
  66  5:08  Zealot  
  66  5:11  Colossus, Pylon  
  66  5:13  Zealot  
  76  5:20  Pylon  
  76  5:27  Zealot  
  78  5:28  Zealot  
  80  5:45  Stalker, Probe x2  
  80  5:48  Gateway, Zealot  
  85  5:54  Twilight Council  
  85  5:56  Assimilator  
  85  5:57  Probe  
  85  5:58  Assimilator  
  85  5:59  Sentry  
  88  6:10  Zealot  
  90  6:13  Pylon  
  90  6:15  Probe  
  90  6:18  Probe, Pylon  
  91  6:23  Probe  
  91  6:30  Probe  
  91  6:32  Probe  
  93  6:36  Templar Archives  
  93  6:39  Zealot x3  
  100  6:42  Zealot  
  100  6:44  Forge  
  102  6:50  Gateway  
  102  6:53  Pylon  
  102  6:59  Nexus, Zealot  
  104  7:02  Stalker  
  104  7:06  Stalker  
  108  7:11  Stalker  
  110  7:17  Pylon  
  110  7:18  Photon Cannon  
  110  7:20  Stalker  
  110  7:21  High Templar  
  114  7:28  Forge  
  114  7:30  Sentry, Pylon  
  114  7:34  High Templar  
  118  7:39  High Templar  
  120  7:53  High Templar  
  121  8:01  Psionic Storm, Photon Cannon  
  121  8:09  Photon Cannon  
  121  8:12  Photon Cannon  
  121  8:16  Stalker  
  122  8:20  Warp Prism  
  122  8:21  Stalker  
  122  8:26  Pylon  
  126  8:30  Sentry  
  127  8:44  High Templar  
  129  8:53  Photon Cannon  
  129  8:55  Warp Prism  
  129  8:58  High Templar  
  133  9:03  Pylon  
  133  9:06  Protoss Ground Armor Level 1  
  133  9:07  Protoss Ground Weapons Level 1  
  133  9:11  Gateway  
  133  9:25  Photon Cannon  
  133  9:30  High Templar  
  134  9:45  High Templar  
  136  9:49  Stalker  
  138  9:54  Stalker  
  139  10:02  Gateway  
  139  10:03  Sentry  
  141  10:09  Pylon  
  141  10:11  Photon Cannon  
  141  10:12  Charge  
  140  10:27  Zealot x2  
  140  10:28  Observer  
  144  10:29  Zealot  
  147  10:39  Pylon  
  147  10:40  Observer  
  147  10:42  Photon Cannon  
  148  10:53  Robotics Facility  
  148  11:11  Protoss Ground Weapons Level 2  
  148  11:22  Zealot x2  
  148  11:23  Zealot x3  
  148  11:24  Stargate  
  157  11:26  Pylon  
  157  11:32  Nexus  
  157  11:36  Gravitic Boosters  
  156  11:43  Blink  
  156  11:59  High Templar  
  158  12:12  High Templar  
  159  12:17  Stalker  
  159  12:22  Stalker  
  163  12:27  Stalker, Nexus  
  165  12:33  Gravitic Drive  
  165  12:36  Pylon, Nexus  
  164  12:45  Colossus  
  170  12:54  Colossus  
  176  13:02  Pylon  
  176  13:04  Immortal  
  180  13:22  Sentry  
  180  13:24  Resonating Glaives  
  182  13:28  Pylon  
  182  13:29  Immortal  
  182  13:36  Stalker  
  188  13:49  Disruptor  
  188  13:50  Probe x3  
  188  13:51  Zealot x2  
  188  13:52  Zealot  
  188  13:54  Zealot  
  175  14:00  Adept  
  175  14:02  Probe  
  123  14:06  High Templar  
  73  14:11  Stalker  
  64  14:20  Zealot  
  61  14:26  High Templar  
  47  14:47  High Templar  
  22  15:20  High Templar  
Tags
 
Composition
Lurkers
Matchup
PvZ
Spawn Locations
Cross Positions
Add a new tag
Caveats
  • Supply blocks, unpowered buildings, or Contaminate may cause inaccurate times.
  • Supply counts are checked every 10 seconds.